 Dungeon Crawl Stone Soup version 0.31-a0-152-g6aa68a64a1 (webtiles) character file.

Game seed: 15120085528434654175

836 qw the Shooter (level 7, -3/64 HPs)
             Began as a Naga Hunter on June 9, 2023.
             Slain by a gnoll sergeant
             ... wielding a +0 spear
              (12 damage)
             ... on level 5 of the Dungeon.
             The game lasted 00:02:02 (4052 turns).

qw the Shooter (Naga Hunter)                        Turns: 4052, Time: 00:02:02

Health: -3/64      AC:  6    Str: 14    XL:     7   Next: 99%
Magic:  7/7        EV: 10    Int:  9    God:
Gold:   217        SH:  0    Dex: 16    Spells: 6/6 levels left

rFire   + . .        Y - +1 shortbow (flame)
rCold   . . .        (shield currently unavailable)
rNeg    . . .        f - +1 robe {Will+}
rPois   +            a - +2 hat
rElec   .            i - scarf {repulsion}
rCorr   .            (no gloves)
SInv    +            (no barding)
Will    +....        (no amulet)
Stlth   ++           j - ring of protection from fire
HPRegen 0.30/turn    (no ring)
MPRegen 0.10/turn

%: repel missiles
@: short of breath, very slow
A: AC +2, large, see invisible, deformed body, poison resistance, slowness 2,
spit poison 1, naga tail 1
a: Spit Poison


You were on level 5 of the Dungeon.
You visited 1 branch of the dungeon, and saw 5 of its levels.

You collected 217 gold pieces.


Innate Abilities, Weirdness & Mutations

Your serpentine skin is tough. (AC +2)
You have supernaturally acute eyesight. (SInv)
Armour fits poorly on your strangely shaped body.
Your system is resistant to poisons. (rPois)
You cover ground very slowly.
You can spit poison.
You have a snake-like lower body.


   Skills:
 - Level 4.0 Fighting
 + Level 7.8 Ranged Weapons
 - Level 2.6 Dodging
 - Level 1.5 Stealth


You had 6 spell levels left.
You didn't know any spells.
Your spell library was empty.

Inventory:

Hand Weapons
 Y - a +1 shortbow of flaming (weapon)
Armour
 a - a +2 hat (worn)
 f - a +1 robe of willpower (worn)
 i - a scarf of repulsion (worn)
Jewellery
 j - a ring of protection from fire (left hand)
Scrolls
 b - a scroll of identify
Potions
 c - a potion of brilliance {unknown}
 d - a potion of mutation {unknown}
 e - a potion of haste
 g - a potion of magic {unknown}
 k - a potion of curing

Dungeon Overview and Level Annotations

Branches:
Dungeon (5/15)
 Temple: D:4-7

Altars:
Trog

Annotations:
D:5 Menkaure


Message History

The arrow hits the gnoll sergeant but does no damage.
The gnoll sergeant is lightly wounded.
Menkaure calls on the powers of darkness!
The gnoll convulses! x2; The gnoll sergeant convulses!
Your body is wracked with pain!
The gnoll sergeant hits you from afar with a +0 spear.
You shoot an arrow. The arrow hits the gnoll sergeant.
The arrow burns the gnoll sergeant.
The gnoll sergeant is almost dead.
You hear a shout!
The gnoll sergeant closely misses you.
You shoot an arrow. The arrow barely misses the gnoll.
Menkaure gestures ominously.
The gnoll sergeant hits you from afar with a +0 spear!
The gnoll barely misses you.
You shoot an arrow. The arrow hits the gnoll.
The arrow burns the gnoll.
The gnoll is severely wounded.
You have got your breath back.
Menkaure shouts, "The sands of time shall wipe you from history!"
The gnoll hits you with a +0 flail. The gnoll sergeant barely misses you.
4049 ||| INVOKING Spit Poison.
Aiming: Spit Poison (1% risk of failure)
Press: ? - help, Shift-Dir - straight line, f/p - gnoll The splash of poison hits the gnoll.
The gnoll is poisoned.
The gnoll is almost dead.
You kill the gnoll!
The gnoll barely misses you. The gnoll sergeant misses you.
You shoot an arrow. The arrow hits the gnoll.
The arrow burns the gnoll.
The gnoll is heavily wounded.
The gnoll hits you with a +0 whip.
The gnoll sergeant hits you from afar with a +0 spear.
Menkaure mumbles some strange words.
Menkaure seems to speed up.
You shoot an arrow. The arrow hits the gnoll.
The arrow burns the gnoll.
The gnoll is almost dead.
The gnoll sergeant closely misses you. The gnoll hits you with a +0 whip.
You shoot an arrow. The arrow closely misses the gnoll.
The gnoll closely misses you.
The gnoll sergeant hits you from afar with a +0 spear!
You die...

##########.#.#.#..#
.............#.#..##
.............# ....
.............# #..#
M............###..#
.g...........'.#..#
.g....g"..=..#
#<.###### #Mg....#
#........
######@.....#
#.#######
#....#......#
#.###>.
#....#......#
#...#.#
#..........##
#.###.###
#..........#
#.#.#....
#..........#
#......#
#..........#
.######.##
#..........#
.........#
####..........#
#######...


You could see a gnoll sergeant, Menkaure (fast) and a gnoll.

Vanquished Creatures
  An ice beast (D:4)
  2 black bears (D:4)
  A centaur (D:5)
  A phantom (D:5)
  2 scorpions
  Jessica (D:3)
  2 iguanas (D:5)
  An orc wizard (D:5)
  6 gnolls (D:5)
  3 adders
  A worm (D:2)
  2 dart slugs
  10 orcs
  9 bats
  6 endoplasms
  4 giant cockroaches
  9 hobgoblins
  6 jackals (D:2)
  4 kobolds
  6 quokkas
  10 ball pythons
  3 frilled lizards
  3 goblins
  7 rats
100 creatures vanquished.

Notes
Turn   | Place    | Note
-------+----------+-------------------------------------------
     0 | D:1      | qw the Naga Hunter began the quest for the Orb.
     0 | D:1      | Reached XP level 1. HP: 19/19 MP: 1/1
     0 | D:1      | 0 ||| qw: Version: 0.2-a-122-gbc61b45
     0 | D:1      | 0 ||| qw: Game counter: 3440
     0 | D:1      | 0 ||| qw: Always use a shield: true
     0 | D:1      | 0 ||| qw: God list: Okawaru
     0 | D:1      | 0 ||| qw: Allow faded altars: false
     0 | D:1      | 0 ||| qw: Do Orc after D:15 true
     0 | D:1      | 0 ||| qw: Do second Lair branch before Depths: true
     0 | D:1      | 0 ||| qw: Lair rune preference: random
     0 | D:1      | 0 ||| qw: Plans: Normal
     0 | D:1      | 0 ||| PLANNING D:1-11
    80 | D:1      | 80 ||| INVOKING Spit Poison.
    83 | D:1      | 83 ||| INVOKING Spit Poison.
    96 | D:1      | 96 ||| INVOKING Spit Poison.
   104 | D:1      | 104 ||| INVOKING Spit Poison.
   117 | D:1      | 117 ||| INVOKING Spit Poison.
   128 | D:1      | 128 ||| INVOKING Spit Poison.
   129 | D:1      | Reached skill level 4 in Ranged Weapons
   129 | D:1      | Reached XP level 2. HP: 26/26 MP: 2/2
   137 | D:1      | 137 ||| INVOKING Spit Poison.
   160 | D:1      | 160 ||| INVOKING Spit Poison.
   173 | D:1      | 173 ||| INVOKING Spit Poison.
   179 | D:1      | 179 ||| INVOKING Spit Poison.
   199 | D:1      | 199 ||| INVOKING Spit Poison.
   205 | D:1      | 205 ||| INVOKING Spit Poison.
   213 | D:1      | 213 ||| INVOKING Spit Poison.
   231 | D:1      | 231 ||| INVOKING Spit Poison.
   237 | D:1      | 237 ||| INVOKING Spit Poison.
   241 | D:1      | 241 ||| INVOKING Spit Poison.
   243 | D:1      | Reached XP level 3. HP: 32/32 MP: 3/3
   290 | D:1      | 290 ||| INVOKING Spit Poison.
   424 | D:1      | 424 ||| INVOKING Spit Poison.
   515 | D:1      | 515 ||| INVOKING Spit Poison.
   524 | D:1      | 524 ||| UPGRADING to scarf of repulsion.
   529 | D:1      | 529 ||| UPGRADING to ring of protection from fire.
   530 | D:1      | 530 ||| READING scroll labelled NICOOSOETES.
   540 | D:1      | 540 ||| INVOKING Spit Poison.
   593 | D:1      | 593 ||| READING scroll labelled EMOPPEU YMEHIRPH.
   594 | D:1      | 594 ||| READING scroll labelled JOESHE DAHUCRA.
   595 | D:1      | 595 ||| READING scroll labelled LEOLYSHRUOCE.
   596 | D:1      | 596 ||| INVOKING Spit Poison.
   605 | D:1      | 605 ||| INVOKING Spit Poison.
   608 | D:1      | 608 ||| INVOKING Spit Poison.
   686 | D:1      | 686 ||| INVOKING Spit Poison.
   773 | D:1      | 773 ||| INVOKING Spit Poison.
   924 | D:1      | 924 ||| READING 2 scrolls labelled ACYSOAKHURGH.
   925 | D:1      | 925 ||| READING scroll of brand weapon.
   925 | D:1      | 925 ||| BRANDING +0 shortbow of draining.
   926 | D:1      | 926 ||| DRINKING 2 viscous black potions.
  1031 | D:1      | 1031 ||| DROPPING scroll of butterflies.
  1032 | D:1      | 1032 ||| DROPPING potion of berserk rage.
  1250 | D:2      | 1250 ||| INVOKING Spit Poison.
  1254 | D:2      | 1254 ||| INVOKING Spit Poison.
  1255 | D:2      | 1255 ||| INVOKING Spit Poison.
  1261 | D:2      | 1261 ||| INVOKING Spit Poison.
  1347 | D:2      | 1347 ||| INVOKING Spit Poison.
  1372 | D:2      | 1372 ||| INVOKING Spit Poison.
  1415 | D:2      | 1415 ||| INVOKING Spit Poison.
  1494 | D:2      | 1494 ||| READING 3 scrolls labelled BARPHU NURCHIUN.
  1495 | D:2      | 1495 ||| READING scroll labelled ZEBOG OPREWK.
  1496 | D:2      | 1496 ||| READING 2 scrolls of identify.
  1496 | D:2      | 1496 ||| IDENTIFYING sedimented golden potion
  1497 | D:2      | 1497 ||| DROPPING potion of lignification.
  1550 | D:2      | 1550 ||| INVOKING Spit Poison.
  1551 | D:2      | Reached skill level 5 in Ranged Weapons
  1571 | D:2      | Found a faded altar of an unknown god.
  1572 | D:2      | 1572 ||| INVOKING Spit Poison.
  1574 | D:2      | Reached XP level 4. HP: 39/39 MP: 4/4
  1577 | D:2      | 1577 ||| INVOKING Spit Poison.
  1581 | D:2      | 1581 ||| INVOKING Spit Poison.
  1615 | D:2      | 1615 ||| INVOKING Spit Poison.
  1619 | D:2      | 1619 ||| INVOKING Spit Poison.
  1778 | D:2      | 1778 ||| INVOKING Spit Poison.
  1781 | D:2      | 1781 ||| INVOKING Spit Poison.
  1873 | D:2      | 1873 ||| INVOKING Spit Poison.
  1930 | D:2      | 1930 ||| INVOKING Spit Poison.
  1951 | D:2      | 1951 ||| UPGRADING to +2 hat.
  1956 | D:2      | 1956 ||| DRINKING 2 grey potions.
  1979 | D:3      | 1979 ||| INVOKING Spit Poison.
  1991 | D:3      | 1991 ||| INVOKING Spit Poison.
  2045 | D:3      | Reached skill level 3 in Fighting
  2072 | D:3      | 2072 ||| INVOKING Spit Poison.
  2073 | D:3      | 2073 ||| INVOKING Spit Poison.
  2082 | D:3      | 2082 ||| INVOKING Spit Poison.
  2089 | D:3      | Noticed Jessica
  2090 | D:3      | 2090 ||| INVOKING Spit Poison.
  2095 | D:3      | HP: 10/42 [+0 spectral club[Jessica] (2)]
  2096 | D:3      | 2096 ||| INVOKING Spit Poison.
  2096 | D:3      | Killed Jessica
  2097 | D:3      | Reached XP level 5. HP: 12/49 MP: 5/5
  2254 | D:3      | 2254 ||| INVOKING Spit Poison.
  2325 | D:3      | 2325 ||| INVOKING Spit Poison.
  2424 | D:3      | 2424 ||| INVOKING Spit Poison.
  2511 | D:3      | 2511 ||| UPGRADING to +1 robe of willpower.
  2521 | D:3      | 2521 ||| DROPPING +0 leather armour.
  2522 | D:3      | 2522 ||| READING scroll labelled REDIPS NISS.
  2523 | D:3      | 2523 ||| DRINKING 2 ruby potions.
  2524 | D:3      | 2524 ||| DRINKING 2 white potions.
  2525 | D:3      | 2525 ||| DROPPING potion of enlightenment.
  2566 | D:4      | 2566 ||| INVOKING Spit Poison.
  2572 | D:4      | 2572 ||| INVOKING Spit Poison.
  2577 | D:4      | 2577 ||| INVOKING Spit Poison.
  2583 | D:4      | Found a bloodstained altar of Trog.
  2583 | D:4      | Noticed a black bear
  2585 | D:4      | 2585 ||| INVOKING Spit Poison.
  2588 | D:4      | 2588 ||| INVOKING Spit Poison.
  2591 | D:4      | 2591 ||| INVOKING Spit Poison.
  2595 | D:4      | Killed a black bear
  2596 | D:4      | Reached skill level 6 in Ranged Weapons
  2596 | D:4      | Reached XP level 6. HP: 41/56 MP: 6/6
  2646 | D:4      | Noticed a black bear
  2648 | D:4      | 2648 ||| INVOKING Spit Poison.
  2654 | D:4      | 2654 ||| INVOKING Spit Poison.
  2655 | D:4      | Killed a black bear
  2693 | D:4      | 2693 ||| INVOKING Spit Poison.
  2702 | D:4      | 2702 ||| INVOKING Spit Poison.
  2793 | D:4      | 2793 ||| INVOKING Spit Poison.
  2796 | D:4      | 2796 ||| INVOKING Spit Poison.
  2801 | D:4      | 2801 ||| INVOKING Spit Poison.
  2807 | D:4      | 2807 ||| INVOKING Spit Poison.
  3014 | D:4      | Noticed an ice beast
  3023 | D:4      | Killed an ice beast
  3024 | D:4      | Reached XP level 7. HP: 37/64 MP: 7/7
  3392 | D:4      | 3392 ||| READING scroll labelled YMIWOH JEMIAZ.
  3393 | D:4      | 3393 ||| READING scroll labelled WUPTEV ISME.
  3397 | D:5      | Entered Level 5 of the Dungeon
  3435 | D:5      | 3435 ||| INVOKING Spit Poison.
  3440 | D:5      | 3440 ||| INVOKING Spit Poison.
  3446 | D:5      | 3446 ||| INVOKING Spit Poison.
  3449 | D:5      | 3449 ||| INVOKING Spit Poison.
  3484 | D:5      | 3484 ||| INVOKING Spit Poison.
  3549 | D:5      | 3549 ||| INVOKING Spit Poison.
  3552 | D:5      | 3552 ||| INVOKING Spit Poison.
  3553 | D:5      | Reached skill level 7 in Ranged Weapons
  3593 | D:5      | 3593 ||| INVOKING Spit Poison.
  3636 | D:5      | 3636 ||| INVOKING Spit Poison.
  3642 | D:5      | 3642 ||| INVOKING Spit Poison.
  3647 | D:5      | 3647 ||| INVOKING Spit Poison.
  3650 | D:5      | 3650 ||| INVOKING Spit Poison.
  3805 | D:5      | 3805 ||| INVOKING Spit Poison.
  3808 | D:5      | 3808 ||| INVOKING Spit Poison.
  3813 | D:5      | 3813 ||| INVOKING Spit Poison.
  3840 | D:5      | 3840 ||| INVOKING Spit Poison.
  3847 | D:5      | 3847 ||| INVOKING Spit Poison.
  3851 | D:5      | 3851 ||| INVOKING Spit Poison.
  3867 | D:5      | 3867 ||| INVOKING Spit Poison.
  3871 | D:5      | 3871 ||| INVOKING Spit Poison.
  3878 | D:5      | 3878 ||| INVOKING Spit Poison.
  3881 | D:5      | 3881 ||| INVOKING Spit Poison.
  4041 | D:5      | Noticed Menkaure
  4042 | D:5      | 4042 ||| Stepping ~*~*~tactically~*~*~ (outnumbered).
  4043 | D:5      | 4043 ||| INVOKING Spit Poison.
  4048 | D:5      | HP: 15/64 [gnoll/+0 flail[a gnoll sergeant] (4)]
  4049 | D:5      | 4049 ||| INVOKING Spit Poison.
  4052 | D:5      | Slain by a gnoll sergeant

Levels and vault maps discovered:
D:1:      minmay_arrival_up_and_down, layout_basic, chequers_big_river,
          serial_park_tiny_2, kennysheep_minor_cross, minmay_tree_intersection,
          kennysheep_decorative_pillar, minmay_pentomino_w4
D:2:      layout_loops_ring, nicolae_ecumenical_pavilion
D:3:      layout_rooms, uniq_jessica
D:4:      layout_basic, trog_ov_bears_minmay, nicolae_underground_beach
D:5:      layout_basic, minmay_misc_feat_tiny,
          nicolae_concentric_dashed_squares_wild, uniq_menkaure, uniq_pikel

Skill      XL: |  1  2  3  4  5  6  7 |
---------------+----------------------+-----
Ranged Weapons | 4 5 6 7 |  7.8
Fighting       | 3 4 |  4.0
Dodging        | 2 |  2.6
Stealth        | |  1.5

Action                     |  1- 3 |  4- 6 |  7- 9 || total
---------------------------+-------+-------+-------++-------
   Fire: Shortbow          |    59 |    91 |    78 ||   228
Ability: Spit Poison       |    33 |    31 |    24 ||    88
    Use: Scroll            |     9 |     1 |     2 ||    12
         Potion            |     1 |     3 |       ||     4
 Armour: Leather armour    |     4 |     3 |       ||     7
         Robe              |       |    18 |     5 ||    23
  Dodge: Dodged            |     5 |    23 |    31 ||    59

Table legend:
 A = Non-vault XP
 B = Vault XP
 C = Vault XP percentage of total XP
 D = Non-vault monster count
 E = Vault monster count
 F = Vault count percentage of total count
                 A         B        C        D         E       F
            +---------+---------+-------+---------+---------+-------
      Total |     895 |     300 |  25.1 |      90 |      10 |  10.0
            +---------+---------+-------+---------+---------+-------
        D:1 |      45 |       9 |  16.7 |      26 |       7 |  21.2
        D:2 |      64 |       0 |   0.0 |      23 |       0 |   0.0
        D:3 |      30 |      37 |  55.2 |      12 |       1 |   7.7
        D:4 |     244 |     254 |  51.0 |      11 |       2 |  15.4
        D:5 |     512 |       0 |   0.0 |      18 |       0 |   0.0
            +---------+---------+-------+---------+---------+-------
